3A
MANCELONA TORCH @ LOUISIANA DRAGOONS
07/16/2027
 
TOP OF THE 1ST
Mancelona Torch batting - Pitching for Louisiana Dragoons : RHP Sixto Soto
Pitching: RHP Sixto Soto
Batting: RHB José Córdova 0-0: Called Strike
0-1: Ball
1-1: Foul Ball, location: 2F
1-2: Ball
2-2: Ball
3-2: Strikes out swinging
Batting: RHB Emílio Agramónte 0-0: Ball
1-0: Ball
2-0: Fly out, F7 (Flyball, 78S)
Batting: RHB Blake Snow 0-0: Ball
1-0: Ball
2-0: Ground out 6-3 (Groundball, 6)
Top of the 1st over - 0 run(s), 0 hit(s), 0 error(s), 0 left on base; Mancelona 0 - Louisiana 0
BOTTOM OF THE 1ST
Louisiana Dragoons batting - Pitching for Mancelona Torch : RHP Martín Aguilar
Pitching: RHP Martín Aguilar
Batting: RHB Reynaldo Padilla 0-0: Ball
1-0: Called Strike
1-1: Foul Ball, location: 2F
1-2: Foul Ball, location: 2F
1-2: Fly out, F9 (Flyball, 9S)
Batting: RHB José Luque 0-0: Called Strike
0-1: Ball
1-1: Ball
2-1: Ball
3-1: Called Strike
3-2: Strikes out swinging
Batting: RHB Holden Markoff 0-0: Ground out 6-3 (Groundball, 6)
Bottom of the 1st over - 0 run(s), 0 hit(s), 0 error(s), 0 left on base; Mancelona 0 - Louisiana 0
TOP OF THE 2ND
Mancelona Torch batting - Pitching for Louisiana Dragoons : RHP Sixto Soto
Batting: RHB Ratko Ralevic 0-0: Foul Ball, location: 2F
0-1: Foul Ball, location: 2F
0-2: Strikes out swinging
Batting: LHB Badry Maksimenov 0-0: Foul Ball, location: 2F
0-1: Ball
1-1: Fly out, F9 (Flyball, 9LD)
Batting: RHB Alex Vaske 0-0: Ball
1-0: Fly out, F9 (Line Drive, 89S)
Top of the 2nd over - 0 run(s), 0 hit(s), 0 error(s), 0 left on base; Mancelona 0 - Louisiana 0
BOTTOM OF THE 2ND
Louisiana Dragoons batting - Pitching for Mancelona Torch : RHP Martín Aguilar
Batting: RHB Giuseppe Provolone 0-0: Ball
1-0: Ball
2-0: Called Strike
2-1: SINGLE (Groundball, 4MD)
Batting: SHB Ed Blackett 0-0: Ball
1-0: Ball
2-0: Foul Ball, location: 2F
2-1: SINGLE (Groundball, 34D)
Giuseppe Provolone to second
Runner from 2nd tries for 3rd, SAFE, no throw
Batting: RHB Felipe Palazzola 0-0: Ball
1-0: DOUBLE (Flyball, 8RD)
Giuseppe Provolone scores
Ed Blackett to third
Batting: RHB Nelson Muntz 0-0: Called Strike
0-1: Ball
1-1: Ball
2-1: Foul Ball, location: 2F
2-2: Strikes out swinging
Batting: RHB Carlos Ceslero 0-0: Ball
1-0: Ball
2-0: Ball
3-0: Called Strike
3-1: Foul Ball, location: 2F
3-2: Base on Balls
Batting: RHB José Mendoza 0-0: Ball
1-0: Fielders Choice at 2nd, 4-6 (Groundball, 4)
Ed Blackett scores
Felipe Palazzola to third
Batting: RHB Reynaldo Padilla 0-0: Ball
1-0: Called Strike
1-1: SINGLE (Groundball, 6MD)
Felipe Palazzola scores
José Mendoza to second
Batting: RHB José Luque 0-0: Ball
1-0: Called Strike
1-1: Called Strike
1-2: Foul Ball, location: 2F
1-2: Strikes out swinging
Bottom of the 2nd over - 3 run(s), 4 hit(s), 0 error(s), 2 left on base; Mancelona 0 - Louisiana 3
TOP OF THE 3RD
Mancelona Torch batting - Pitching for Louisiana Dragoons : RHP Sixto Soto
Batting: RHB Kyle Vandenbrink 0-0: Called Strike
0-1: Ball
1-1: Ground out 6-3 (Groundball, 6)
Batting: LHB Yataro Matsuura 0-0: Called Strike
0-1: Ball
1-1: Foul Ball, location: 2F
1-2: Ball
2-2: Foul Ball, location: 2F
2-2: Ball
3-2: Foul Ball, location: 2F
3-2: Fly out, F9 (Flyball, 89D)
Batting: RHB Burt Babbs 0-0: Called Strike
0-1: Swinging Strike
0-2: Strikes out swinging
Top of the 3rd over - 0 run(s), 0 hit(s), 0 error(s), 0 left on base; Mancelona 0 - Louisiana 3
BOTTOM OF THE 3RD
Louisiana Dragoons batting - Pitching for Mancelona Torch : RHP Martín Aguilar
Batting: RHB Holden Markoff 0-0: Ball
1-0: Ball
2-0: Ball
3-0: Called Strike
3-1: Called Strike
3-2: Foul Ball, location: 2F
3-2: Foul Ball, location: 2F
3-2: Ground out 6-3 (Groundball, 6)
Batting: RHB Giuseppe Provolone 0-0: Ball
1-0: Swinging Strike
1-1: Ball
2-1: Ball
3-1: Swinging Strike
3-2: Strikes out swinging
Batting: SHB Ed Blackett 0-0: Ball
1-0: Ball
2-0: Foul Ball, location: 2F
2-1: Ball
3-1: Fly out, F7 (Flyball, 7)
Bottom of the 3rd over - 0 run(s), 0 hit(s), 0 error(s), 0 left on base; Mancelona 0 - Louisiana 3
TOP OF THE 4TH
Mancelona Torch batting - Pitching for Louisiana Dragoons : RHP Sixto Soto
Batting: RHB José Córdova 0-0: Ball
1-0: Ball
2-0: Ball
3-0: Base on Balls
Batting: RHB Emílio Agramónte 0-0: Called Strike
0-1: Ball
1-1: Ball
2-1: Swinging Strike
2-2: Strikes out swinging
Batting: RHB Blake Snow 0-0: Ball
1-0: Ball
2-0: Called Strike
2-1: Called Strike
2-2: Foul Ball, location: 2F
2-2: Foul Ball, location: 2F
2-2: Ball
3-2: Base on Balls
José Córdova to second
Batting: RHB Ratko Ralevic 0-0: Called Strike
0-1: Ball
1-1: Fly out, F8 (Flyball, 8LM)
Batting: LHB Badry Maksimenov 0-0: SINGLE (Groundball, 34D)
José Córdova to third
Blake Snow to second
Runner from 3rd tries for Home, SAFE, no throw
Batting: RHB Alex Vaske 0-0: Ground out 6-3 (Groundball, 56D)
Top of the 4th over - 1 run(s), 1 hit(s), 0 error(s), 2 left on base; Mancelona 1 - Louisiana 3
BOTTOM OF THE 4TH
Louisiana Dragoons batting - Pitching for Mancelona Torch : RHP Martín Aguilar
Batting: RHB Felipe Palazzola 0-0: Ground out 5-3 (Groundball, 56S)
Batting: RHB Nelson Muntz 0-0: Ball
1-0: Ball
2-0: Ball
3-0: Base on Balls
Batting: RHB Carlos Ceslero 0-0: Ball
1-0: Called Strike
Nelson Muntz steals 2nd base
1-1: Foul Ball, location: 2F
1-2: Strikes out swinging
Batting: RHB José Mendoza 0-0: Ball
1-0: Foul Ball, location: 2F
1-1: Ground out 6-3 (Groundball, 56)
Bottom of the 4th over - 0 run(s), 0 hit(s), 0 error(s), 1 left on base; Mancelona 1 - Louisiana 3
TOP OF THE 5TH
Mancelona Torch batting - Pitching for Louisiana Dragoons : RHP Sixto Soto
Batting: RHB Kyle Vandenbrink 0-0: Ball
1-0: Called Strike
1-1: Foul Ball, location: 2F
1-2: Foul Ball, location: 2F
1-2: Foul Ball, location: 2F
1-2: Ball
2-2: Foul Ball, location: 2F
2-2: Ball
3-2: Fly out, F9 (Line Drive, 89M)
Batting: LHB Yataro Matsuura 0-0: Ground out 4-3 (Groundball, 4)
Batting: RHB Burt Babbs 0-0: SINGLE (Groundball, 5) (infield hit)
Batting: RHB José Córdova 0-0: Ball
Burt Babbs is caught stealing 2nd base
Top of the 5th over - 0 run(s), 1 hit(s), 0 error(s), 0 left on base; Mancelona 1 - Louisiana 3
BOTTOM OF THE 5TH
Louisiana Dragoons batting - Pitching for Mancelona Torch : RHP Martín Aguilar
Batting: RHB Reynaldo Padilla 0-0: Called Strike
0-1: SINGLE (Groundball, 56D)
Batting: RHB José Luque 0-0: Ball
Reynaldo Padilla steals 2nd base
1-0: Fly out, F6 (Line Drive, 6)
Batting: RHB Holden Markoff 0-0: Foul Ball, location: 2F
0-1: Called Strike
0-2: Strikes out looking
Pitching: RHP Tomás Vargas
Batting: RHB Giuseppe Provolone 0-0: Ball
1-0: Ground out 6-3 (Groundball, 6)
Bottom of the 5th over - 0 run(s), 1 hit(s), 0 error(s), 1 left on base; Mancelona 1 - Louisiana 3
TOP OF THE 6TH
Mancelona Torch batting - Pitching for Louisiana Dragoons : RHP Sixto Soto
Batting: RHB José Córdova 0-0: Foul Ball, location: 2F
0-1: Swinging Strike
0-2: Ball
1-2: Strikes out swinging
Batting: RHB Emílio Agramónte 0-0: Swinging Strike
0-1: Foul Ball, location: 2F
0-2: Ball
1-2: Ball
2-2: Strikes out swinging
Batting: RHB Blake Snow 0-0: Called Strike
0-1: Foul Ball, location: 2F
0-2: Strikes out swinging
Top of the 6th over - 0 run(s), 0 hit(s), 0 error(s), 0 left on base; Mancelona 1 - Louisiana 3
BOTTOM OF THE 6TH
Louisiana Dragoons batting - Pitching for Mancelona Torch : RHP Tomás Vargas
Batting: SHB Ed Blackett 0-0: Ball
1-0: Ball
2-0: Called Strike
2-1: Foul Ball, location: 2F
2-2: SINGLE (Groundball, 34) (infield hit)
Batting: RHB Felipe Palazzola 0-0: Ball
1-0: Called Strike
1-1: 2-RUN HOME RUN (Flyball, 78XD), Distance : 424 ft
Batting: RHB Nelson Muntz 0-0: Swinging Strike
0-1: Ball
1-1: Foul Ball, location: 2F
1-2: Strikes out looking
Batting: RHB Carlos Ceslero 0-0: Ball
1-0: Foul Ball, location: 2F
1-1: Swinging Strike
1-2: Foul Ball, location: 2F
1-2: Ground out 6-3 (Groundball, 56D)
Batting: RHB José Mendoza 0-0: Ball
1-0: Called Strike
1-1: Fly out, F6 (Line Drive, 6)
Bottom of the 6th over - 2 run(s), 2 hit(s), 0 error(s), 0 left on base; Mancelona 1 - Louisiana 5
TOP OF THE 7TH
Mancelona Torch batting - Pitching for Louisiana Dragoons : RHP Sixto Soto
Batting: RHB Ratko Ralevic 0-0: Called Strike
0-1: Called Strike
0-2: Ball
1-2: Strikes out swinging
Batting: LHB Badry Maksimenov 0-0: Ball
1-0: Foul Ball, location: 2F
1-1: Ball
2-1: Swinging Strike
2-2: Ball
3-2: Fly out, F8 (Flyball, 8LS)
Batting: RHB Alex Vaske 0-0: Ball
1-0: Foul Ball, location: 2F
1-1: Called Strike
1-2: Ball
2-2: Strikes out swinging
Top of the 7th over - 0 run(s), 0 hit(s), 0 error(s), 0 left on base; Mancelona 1 - Louisiana 5
BOTTOM OF THE 7TH
Louisiana Dragoons batting - Pitching for Mancelona Torch : RHP Tomás Vargas
Batting: RHB Reynaldo Padilla 0-0: Called Strike
0-1: Ball
1-1: Swinging Strike
1-2: Strikes out looking
Batting: RHB José Luque 0-0: Foul Ball, location: 2F
0-1: Ball
1-1: Foul Ball, location: 2F
1-2: Ball
2-2: Ball
3-2: Strikes out swinging
Batting: RHB Holden Markoff 0-0: Called Strike
0-1: Swinging Strike
0-2: Ball
1-2: Foul Ball, location: 2F
1-2: Strikes out looking
Bottom of the 7th over - 0 run(s), 0 hit(s), 0 error(s), 0 left on base; Mancelona 1 - Louisiana 5
TOP OF THE 8TH
Mancelona Torch batting - Pitching for Louisiana Dragoons : RHP Sixto Soto
Batting: RHB Kyle Vandenbrink 0-0: Ground out 3-1 (Groundball, 34S)
Batting: LHB Yataro Matsuura 0-0: Ball
1-0: Swinging Strike
1-1: Swinging Strike
1-2: Strikes out swinging
Pitching: RHP Brian Krick
Batting: RHB Burt Babbs 0-0: Called Strike
0-1: Called Strike
0-2: Hit by Pitch
Batting: RHB José Córdova 0-0: Ball
1-0: Called Strike
1-1: 2-RUN HOME RUN (Flyball, 7D), Distance : 394 ft
Batting: RHB Emílio Agramónte 0-0: Ball
1-0: Ball
2-0: Ball
3-0: Called Strike
3-1: Foul Ball, location: 2F
3-2: Strikes out swinging
Top of the 8th over - 2 run(s), 1 hit(s), 0 error(s), 0 left on base; Mancelona 3 - Louisiana 5
BOTTOM OF THE 8TH
Louisiana Dragoons batting - Pitching for Mancelona Torch : RHP Tomás Vargas
Batting: RHB Giuseppe Provolone 0-0: Foul Ball, location: 2F
0-1: Called Strike
0-2: Ball
1-2: Foul Ball, location: 2F
1-2: Ground out 5-3 (Groundball, 5)
Batting: SHB Ed Blackett 0-0: Ball
1-0: Ball
2-0: Fly out, F8 (Flyball, 8LS)
Batting: RHB Felipe Palazzola 0-0: Called Strike
0-1: Ball
1-1: Foul Ball, location: 2F
1-2: Strikes out swinging
Bottom of the 8th over - 0 run(s), 0 hit(s), 0 error(s), 0 left on base; Mancelona 3 - Louisiana 5
TOP OF THE 9TH
Mancelona Torch batting - Pitching for Louisiana Dragoons : RHP Brian Krick
Pitching: RHP Gary Mason
Now at 1B: Jade Helm
Batting: RHB Blake Snow 0-0: Ball
1-0: Swinging Strike
1-1: Ball
2-1: Foul Ball, location: 2F
2-2: Strikes out swinging
Batting: RHB Ratko Ralevic 0-0: Ball
1-0: Foul Ball, location: 2F
1-1: Ball
2-1: Ball
3-1: Swinging Strike
3-2: Base on Balls
Pinch Hitting: LHB Jorge Morín 0-0: Ball
1-0: Ball
2-0: Called Strike
2-1: SINGLE (Groundball, 4MD)
Ratko Ralevic to second
Pinch Hitting: LHB Alberto Hernández 0-0: Foul Ball, location: 2F
0-1: Swinging Strike
0-2: Ball
1-2: Strikes out looking
Batting: RHB Kyle Vandenbrink 0-0: Ball
1-0: Called Strike
1-1: SINGLE (Line Drive, 5)
Ratko Ralevic to third
Jorge Morín to second
Runner from 3rd tries for Home, SAFE, no throw
Batting: LHB Yataro Matsuura 0-0: Ball
1-0: Ball
2-0: Ball
3-0: Base on Balls
Jorge Morín to third
Kyle Vandenbrink to second
Pitching: RHP Cornelius Bigelow
Batting: RHB Burt Babbs 0-0: Called Strike
0-1: Ball
1-1: Foul Ball, location: 2F
1-2: Strikes out looking
Top of the 9th over - 1 run(s), 2 hit(s), 0 error(s), 3 left on base; Mancelona 4 - Louisiana 5
Saturday, May 26th, 2018 - OOTP Baseball 17.12 Build 75